 Dungeon Crawl Stone Soup version 0.29.0-4-gdea44cf6ec (webtiles) character file.

Game seed: 15804010377013296150

95 qw the Sneak (level 4, 0/28 HPs)
             Began as a Gargoyle Delver on Sept 10, 2022.
             Slain by an orc wizard
             ... wielding a +0 dagger
              (2 damage)
             ... on level 4 of the Dungeon.
             The game lasted 00:00:24 (1054 turns).

qw the Sneak (Gargoyle Delver)                      Turns: 1054, Time: 00:00:24

Health: 0/28       AC:  6    Str: 17    XL:     4   Next: 66%
Magic:  4/4        EV: 11    Int: 11    God:
Gold:   49         SH:  0    Dex: 11    Spells: 3/3 levels left

rFire   . . .      SeeInvis .   Y - +0 hand axe
rCold   . . .      Faith    .   (no shield)
rNeg    + . .      Spirit   .   b - +0 leather armour
rPois   inf        Reflect  .   (no helmet)
rElec   +          Harm     .   (no cloak)
rCorr   .          Rampage  .   (no gloves)
Will    .....                   (no boots)
Stlth   +.........              (no amulet)
HPRegen 0.09/turn               (no ring)
MPRegen 0.09/turn               (no ring)

@: confused
A: sickness immunity, AC +3, negative energy resistance 1, electricity
resistance, torment resistance 1, petrification resistance
a: no special abilities


You were on level 4 of the Dungeon.
You visited 2 branches of the dungeon, and saw 3 of its levels.

You collected 49 gold pieces.


Innate Abilities, Weirdness & Mutations

You are immune to sickness and miasma.
Your stone body is resilient. (AC +3)
You are immune to poison.
You resist negative energy. (rN+)
You are resistant to electric shocks. (rElec)
You are resistant to unholy torment.
You are immune to petrification.


   Skills:
 - Level 3.2 Fighting
 + Level 4.3 Axes
 - Level 1.5 Dodging
 - Level 5.4 Stealth


You had 3 spell levels left.
You didn't know any spells.
Your spell library was empty.

Inventory:

Hand Weapons
 Y - a +0 hand axe (weapon)
Armour
 b - a +0 leather armour (worn)
Wands
 g - a wand of digging (3)
Potions
 f - a potion of haste
 h - a potion of lignification {unknown}

Dungeon Overview and Level Annotations

Branches:
Dungeon (5/15)             Temple (1/1) D:5

Altars:
Ashenzari
Dithmenos
Hepliaklqana
Kikubaaqudgha
Nemelex Xobeh
Qazlal
Ru
Sif Muna
Trog
Uskayaw
Wu Jian
Xom
Yredelemnul
Zin
The Shining One


Message History

Something hits you but does no damage.
You're too confused to attack without stumbling around!
There is a strange disturbance nearby!
Something hits you.
You're too confused to attack without stumbling around!
There is a strange disturbance nearby!
Something hits you but does no damage.
You're too confused to attack without stumbling around!
There is a strange disturbance nearby!
You hear some strange, mumbled words.
Something tries to affect you, but you resist.
You're too confused to attack without stumbling around!
There is a strange disturbance nearby!
You feel less confused. Something hits you.
You closely miss something. Something hits you.
You closely miss something. Something hits you.
You closely miss something.
You hear some strange, mumbled words.
You are confused.
Something hits you.
You're too confused to attack without stumbling around!
There is a strange disturbance nearby!
Something hits you but does no damage.
You're too confused to attack without stumbling around!
There is a strange disturbance nearby!
You hear some strange, mumbled words.
A puff of flame appears from out of thin air!
The puff of flame misses you.
You're too confused to attack without stumbling around!
There is a strange disturbance nearby!
You hear some strange, mumbled words.
A puff of flame appears from out of thin air!
The puff of flame hits you.
You're too confused to attack without stumbling around!
There is a strange disturbance nearby!
Something hits you.
You die...

#..###..#
#..>...#####
#.#........##
#...........#
######......#
# #$)....#>#
#........#
##.....###
##.@{##
+.......#
#.##....# #
##.#.# #...#
##..# ..# .#


There were no monsters in sight!

Vanquished Creatures
  A howler monkey (D:5)
  A hound (D:5)
  2 adders
  3 orcs
  A hobgoblin (D:4)
  3 jackals (D:5)
11 creatures vanquished.

Notes
Turn   | Place    | Note
-------+----------+-------------------------------------------
     0 | D:5      | qw the Gargoyle Delver began the quest for the Orb.
     0 | D:5      | Reached XP level 1. HP: 14/14 MP: 1/1
     0 | D:5      | 0 ||| qw: Version: 0.1-a-116-g5d60599
     0 | D:5      | 0 ||| qw: Game counter: 8046
     0 | D:5      | 0 ||| qw: Always use a shield: true
     0 | D:5      | 0 ||| qw: God list: Okawaru
     0 | D:5      | 0 ||| qw: Allow faded altars: false
     0 | D:5      | 0 ||| qw: Do Orc after D:15 true
     0 | D:5      | 0 ||| qw: Do second Lair branch before Depths: true
     0 | D:5      | 0 ||| qw: Lair rune preference: random
     0 | D:5      | 0 ||| qw: Plans: Normal
     0 | D:5      | 0 ||| PLANNING D:1-11
    35 | D:5      | Noticed a howler monkey
    53 | D:5      | Killed a howler monkey
    54 | D:5      | Reached skill level 3 in Axes
    54 | D:5      | Reached XP level 2. HP: 7/19 MP: 2/2
    54 | D:5      | Reached XP level 3. HP: 8/23 MP: 3/3
   307 | D:5      | 307 ||| Stepping ~*~*~tactically~*~*~ (stealth).
   358 | D:5      | Found a staircase to the Ecumenical Temple.
   359 | D:5      | 359 ||| PLANNING TEMPLE
   359 | D:5      | 359 ||| DROPPING scroll of fog.
   360 | D:5      | 360 ||| DROPPING scroll of magic mapping.
   361 | D:5      | 361 ||| DROPPING scroll of fear.
   367 | D:5      | Identified the +8 dagger of the Shining Light {freeze,
                  | rElec rPois Str-2 Dex-4}
   377 | D:5      | HP: 4/23 [orc/the +8 dagger of the Shining Light {freeze,
                  | rElec rPois Str-2 Dex-4} (7)]
   377 | D:5      | HP: 1/23 [orc/the +8 dagger of the Shining Light {freeze,
                  | rElec rPois Str-2 Dex-4} (3)]
   386 | D:5      | 386 ||| Stepping ~*~*~tactically~*~*~ (stealth).
   402 | D:5      | Reached XP level 4. HP: 3/28 MP: 4/4
   677 | Temple   | Entered the Ecumenical Temple
   922 | Temple   | 922 ||| PLANNING D:1-11
   922 | Temple   | 922 ||| READING scroll labelled UMOUQOL URRUWN.
   965 | D:5      | 965 ||| READING scroll labelled DIWIEMOEVAHO.
  1049 | D:4      | HP: 7/28 [something (3)]
  1053 | D:4      | HP: 2/28 [something/puff of flame (3)]
  1054 | D:4      | Slain by an orc wizard

Levels and vault maps discovered:
D:4:      cheibrodos_quashed, layout_loops_corners, minmay_small_thing
D:5:      layout_basic, marbit_many_paths, lemuel_crystal_altar,
          amcnicky_altar_gilded, mainiacjoe_overflow_alcove_4,
          minmay_temple_entry_junction_2, chequers_serial_rivers_micro_b
Temple:   dpeg_chambers_temple

Skill      XL: |  1  2  3 |
---------------+----------+-----
Axes           | 3 4 |  4.3
Fighting       | |  3.2
Dodging        | |  1.5
Stealth        | |  5.4

Action                   |  1- 3 |  4- 6 || total
-------------------------+-------+-------++-------
Melee: Hand axe          |    31 |    34 ||    65
  Use: Scroll            |       |     2 ||     2
 Stab: Sleeping          |     1 |       ||     1
Armor: Leather armour    |    14 |    23 ||    37
Dodge: Dodged            |    12 |    24 ||    36

Table legend:
 A = Non-vault XP
 B = Vault XP
 C = Vault XP percentage of total XP
 D = Non-vault monster count
 E = Vault monster count
 F = Vault count percentage of total count
                 A         B        C        D         E       F
            +---------+---------+-------+---------+---------+-------
      Total |     137 |       0 |   0.0 |      11 |       0 |   0.0
            +---------+---------+-------+---------+---------+-------
        D:4 |      22 |       0 |   0.0 |       4 |       0 |   0.0
        D:5 |     115 |       0 |   0.0 |       7 |       0 |   0.0
            +---------+---------+-------+---------+---------+-------
